 Dungeon Sprint DCSS version 0.20.1-1-g8b1a95d (webtiles) character file.

1280 wojtek the Basher (level 8, -5/65 HPs)
             Began as a Minotaur Fighter on Jan 1, 2018.
             Slain by a redback (7 damage)
             ... in the Dungeon (Sprint II: "The Violet Keep of Menkaure").
             The game lasted 00:03:53 (895 turns).

wojtek the Basher (Minotaur Fighter)                 Turns: 895, Time: 00:03:53

Health: -5/65      AC: 11    Str: 23    XL:     8   Next: 29%
Magic:  7/7        EV:  8    Int:  3    God:
Gold:   132        SH:  9    Dex: 10    Spells: 7/7 levels left

rFire    + . .     SeeInvis .   a - +0 flail
rCold    + . .     Gourm    .   c - +0 shield
rNeg     . . .     Faith    .   b - +0 scale mail
rPois    .         Spirit   .   (helmet restricted)
rElec    .         Reflect  .   (no cloak)
rCorr    .         Harm     .   o - +1 pair of gloves
MR       .....     NoTele   +   (no boots)
Stlth    ..........             (no amulet)
Regen    0.2/turn               n - ring of protection from fire
MPRegen  0.1/turn               m - ring of protection from cold

@: no status effects
A: retaliatory headbutt, horns 2, deterioration 1, dopey 1, frail 2
a: no special abilities


You were in the Dungeon.
You were not hungry.

You visited 1 branch You collected 972 gold pieces.
You spent 840 gold pieces at shops.

Inventory:

Hand Weapons
 a - a +0 flail (weapon)
Armour
 b - a +0 scale mail (worn)
 c - a +0 shield (worn)
 o - a +1 pair of gloves (worn)
Jewellery
 m - a ring of protection from cold (right hand)
 n - a ring of protection from fire (left hand)
 p - the ring of Megalomania {rC- MR+ Dex+7 SInv Stlth-}
   (You bought it in a shop in the Dungeon)

   [ring of loudness]

   It affects your dexterity (+7).
   It makes you vulnerable to cold.
   It affects your resistance to hostile enchantments.
   It lets you see invisible.
   It makes you less stealthy.
Scrolls
 k - a scroll of blinking
Potions
 d - a potion of might
 g - a potion of heal wounds
 h - a potion of haste
 i - 2 potions of magic
 j - a potion of berserk rage
Comestibles
 f - a bread ration


   Skills:
 + Level 11.4 Fighting
 * Level 14.8 Maces & Flails
 + Level 11.3 Armour
 + Level 1.6 Dodging
 - Level 3.6 Shields


You had 7 spell levels left.
You didn't know any spells.

Dungeon Overview and Level Annotations

Branches:
Dungeon (1/1)

Altars:
Cheibriados
Dithmenos
Elyvilon
Fedhas
Gozag
Kikubaaqudgha
Makhleb
Nemelex Xobeh
Okawaru
Sif Muna
Trog
Uskayaw
Vehumet
Yredelemnul
Zin
Jiyva
Lugonu

Shops:
D }%:(*[?:*[=!*![=

Annotations:
D exclusion: oklob plant


Innate Abilities, Weirdness & Mutations

You reflexively headbutt those who attack you in melee.
You have a pair of horns on your head.
Your body sometimes deteriorates upon taking damage.
You are dopey. (Int -2)
You are very frail. (-20% HP)


Message History

You block the redback's attack.
Unknown command.
You feel better.
The redback bites you but does no damage.
You closely miss the redback. Your headbutt misses the redback.
The redback is lightly wounded.
The redback closely misses you.
You sock the redback!
The redback is moderately wounded.
The redback bites you!
* * * LOW HITPOINT WARNING * * *
The redback bites you but does no damage.
You completely miss the redback. Your headbutt misses the redback.
The redback is moderately wounded.
The redback bites you!
* * * LOW HITPOINT WARNING * * *
You hit the redback.
The redback is heavily wounded.
The redback bites you!
You die...

.§..§.. ..§..§§ ..§8§§. #++#
# .§§§§.. ...### ≈##.§§....
....# ≈≈#+++#+++## ...#
≈≈.........# ..#
≈≈≈.##+##..# ####^#
≈≈≈##..###.####.@s.###
≈≈≈#..##.#....#$.#...#
≈####.#.####..#####..#
##.###'###.##..#GG+.^#
#...##.##.#.#..#$G#..# #
'.#)'.<.'##.+..####..##.#
#...##.###..#....###...##▓▓
##.###'###.##......≈≈≈≈≈≈≈≈≈
≈####.#.####≈≈.....≈#+######


You could see a redback.

Vanquished Creatures
  A merfolk siren (D)
  2 hippogriffs (D)
  A redback (D)
  3 neqoxecs (D)
  A crocodile (D)
  3 worms (D)
11 creatures vanquished.

Vanquished Creatures (others)
  A neqoxec (D)
  Menkaure (D)
  A crocodile (D)
3 creatures vanquished.

Grand Total: 14 creatures vanquished

Notes
Turn   | Place    | Note
-------+----------+-------------------------------------------
     0 | D        | wojtek the Minotaur Fighter began the quest for the Orb.
     0 | D        | Reached XP level 1. HP: 19/19 MP: 0/0
     6 | D        | Killed a crocodile
    10 | D        | Reached skill level 3 in Maces & Flails
    12 | D        | Reached skill level 4 in Maces & Flails
    16 | D        | Reached XP level 2. HP: 25/28 MP: 1/1
    51 | D        | Noticed a neqoxec
    54 | D        | Noticed a neqoxec
    54 | D        | Gained mutation: You are frail. (-10% HP) [a neqoxec]
    55 | D        | Killed Menkaure
    58 | D        | Gained mutation: You are dopey. (Int -2) [a neqoxec]
    59 | D        | Killed a neqoxec
    59 | D        | Reached skill level 8 in Maces & Flails
    59 | D        | Reached XP level 3. HP: 26/34 MP: 2/2
    59 | D        | Reached XP level 4. HP: 30/40 MP: 3/3
    65 | D        | Killed a neqoxec
    65 | D        | Reached skill level 10 in Maces & Flails
    65 | D        | Reached XP level 5. HP: 27/47 MP: 4/4
    67 | D        | Noticed a neqoxec
    77 | D        | Killed a neqoxec
    77 | D        | Reached skill level 11 in Maces & Flails
    77 | D        | Reached XP level 6. HP: 20/56 MP: 5/5
   100 | D        | Killed a neqoxec
   282 | D        | Found an iron altar of Okawaru.
   282 | D        | Found a radiant altar of Vehumet.
   282 | D        | Found a glowing silver altar of Zin.
   299 | D        | Noticed a hippogriff
   299 | D        | Noticed a hippogriff
   302 | D        | Killed a hippogriff
   302 | D        | Reached skill level 12 in Maces & Flails
   302 | D        | Reached XP level 7. HP: 63/63 MP: 6/6
   307 | D        | Killed a hippogriff
   307 | D        | Reached skill level 10 in Fighting
   307 | D        | Reached skill level 13 in Maces & Flails
   307 | D        | Reached skill level 10 in Armour
   452 | D        | Noticed a merfolk siren
   456 | D        | Killed a merfolk siren
   456 | D        | Reached skill level 14 in Maces & Flails
   456 | D        | Reached XP level 8. HP: 63/73 MP: 7/7
   499 | D        | Found Iluittil's Antique Armour Emporium.
   499 | D        | Found Goeth's Distillery.
   499 | D        | Found Dirup's Distillery.
   499 | D        | Found Keaps's Assorted Antiques.
   499 | D        | Found Pameivoi's Jewellery Shoppe.
   500 | D        | Found Xenadif's Book Shoppe.
   500 | D        | Found Illug's Jewellery Emporium.
   500 | D        | Found Yfohe's Assorted Antiques.
   500 | D        | Found Ohucseimp's Antique Armour Shoppe.
   501 | D        | Found Zopsua Haufu's Magic Scroll Shoppe.
   501 | D        | Found Nairghao's Armour Emporium.
   501 | D        | Noticed a fire dragon
   643 | D        | Found Gihuam's General Store.
   643 | D        | Found Warorrum's Antique Weapon Shoppe.
   643 | D        | Noticed an oklob plant
   644 | D        | Found Nos Ycy's Food Shoppe.
   644 | D        | Found Zuwoku's Book Shoppe.
   644 | D        | Found Muzytzat's Gadget Emporium.
   652 | D        | Noticed an ice dragon
   671 | D        | Bought an uncursed ring of protection from cold for 275 gold pieces
   671 | D        | Bought an uncursed ring of protection from fire for 275 gold pieces
   678 | D        | Bought a pair of embroidered gloves for 165 gold pieces
   704 | D        | Bought a twitching lead ring for 125 gold pieces
   704 | D        | Identified the ring of Megalomania {rC- MR+ Dex+7 SInv Stlth-} (You bought it in a shop in the Dungeon)
   734 | D        | Noticed an ice statue
   752 | D        | Noticed an obsidian statue
   762 | D        | Found a sparkling altar of Nemelex Xobeh.
   762 | D        | Found a hide-covered altar of Uskayaw.
   763 | D        | Found an opulent altar of Gozag.
   763 | D        | Found a burning altar of Makhleb.
   763 | D        | Found a bloodstained altar of Trog.
   764 | D        | Found a blossoming altar of Fedhas.
   764 | D        | Found a corrupted altar of Lugonu.
   764 | D        | Found a basalt altar of Yredelemnul.
   764 | D        | Found a deep blue altar of Sif Muna.
   765 | D        | Found a white marble altar of Elyvilon.
   765 | D        | Found an ancient bone altar of Kikubaaqudgha.
   766 | D        | Found a shadowy altar of Dithmenos.
   766 | D        | Found a viscous altar of Jiyva.
   767 | D        | Found a snail-covered altar of Cheibriados.
   776 | D        | Noticed a shining eye
   776 | D        | Noticed a shining eye
   776 | D        | Noticed a shining eye
   776 | D        | Gained mutation: Your body sometimes deteriorates upon taking damage. [a shining eye]
   776 | D        | Gained mutation: You are very frail. (-20% HP) [a shining eye]
   886 | D        | Reached skill level 1 in Dodging
   894 | D        | HP: 2/65 [redback (7)]
   895 | D        | Slain by a redback

Skill      XL: |  1  2  3  4  5  6  7  8 |
---------------+-------------------------+-----
Fighting       | 4 6 8 9 11 | 11.4
Maces & Flails | 4 8 10 11 12 14 | 14.8
Armour         | 4 6 8 9 11 | 11.3
Dodging        | 1 |  1.6
Shields        | |  3.6

Action                   |  1- 3 |  4- 6 |  7- 9 || total
-------------------------+-------+-------+-------++-------
Melee: Flail             |    18 |    16 |    26 ||    60
       Headbutt          |     5 |     3 |     6 ||    14
  Use: Potion            |       |       |     1 ||     1
Armor: Scale mail        |     1 |     4 |     5 ||    10
Dodge: Dodged            |     2 |     1 |     5 ||     8
Block: Shield            |     4 |     6 |     8 ||    18
